%YAML 1.1
%TAG !u! tag:unity3d.com,2011:
--- !u!114 &11400000
MonoBehaviour:
  m_ObjectHideFlags: 0
  m_CorrespondingSourceObject: {fileID: 0}
  m_PrefabInstance: {fileID: 0}
  m_PrefabAsset: {fileID: 0}
  m_GameObject: {fileID: 0}
  m_Enabled: 1
  m_EditorHideFlags: 0
  m_Script: {fileID: 11500000, guid: 15f0118ce50c1894487d3c82fab5e80a, type: 3}
  m_Name: fds
  m_EditorClassIdentifier: 
  nodes:
  - {fileID: 114062733939164384}
  - {fileID: 114949465469441216}
  - {fileID: 114603814398860008}
  - {fileID: 114565619744325654}
  - {fileID: 114284053621719332}
  - {fileID: 114499005446604820}
  connections:
  - {fileID: 114374815841487158}
  - {fileID: 114376614917323340}
  - {fileID: 114695351424019530}
  - {fileID: 114519995822825114}
  - {fileID: 114900662041312196}
  - {fileID: 114645176360247678}
  - {fileID: 114294642433492184}
  i: 96
  corruptionReport: 
--- !u!114 &114057771029855310
MonoBehaviour:
  m_ObjectHideFlags: 0
  m_CorrespondingSourceObject: {fileID: 0}
  m_PrefabInstance: {fileID: 0}
  m_PrefabAsset: {fileID: 0}
  m_GameObject: {fileID: 0}
  m_Enabled: 1
  m_EditorHideFlags: 0
  m_Script: {fileID: 11500000, guid: 92897b83d3ac44d4fb3722cc5d2189d2, type: 3}
  m_Name: fds-MO-91-outPort2
  m_EditorClassIdentifier: 
  Direction: 1
  attachedToNode: {fileID: 114949465469441216}
  centerInAbsolute: {x: 0, y: 0}
  connections:
  - {fileID: 114519995822825114}
  buttonRectInRelative:
    serializedVersion: 2
    x: 288
    y: 25
    width: 12
    height: 12
--- !u!114 &114062733939164384
MonoBehaviour:
  m_ObjectHideFlags: 0
  m_CorrespondingSourceObject: {fileID: 0}
  m_PrefabInstance: {fileID: 0}
  m_PrefabAsset: {fileID: 0}
  m_GameObject: {fileID: 0}
  m_Enabled: 1
  m_EditorHideFlags: 0
  m_Script: {fileID: 11500000, guid: d687dbdf673d5ab4391e7faf19ac9f58, type: 3}
  m_Name: fds-EP-90
  m_EditorClassIdentifier: 
  uniqueId: fds-EP-90
  nameWithinDialog: EP-90
  parentGraph: {fileID: 11400000}
  inPort: {fileID: 0}
  outPorts:
  - {fileID: 114423847255688028}
  pointsTo: []
  position: {x: 0, y: 0}
  rect:
    serializedVersion: 2
    x: 100
    y: 500
    width: 180
    height: 100
  isDragged: 0
  isSelected: 0
  nodeNameRect:
    serializedVersion: 2
    x: 15
    y: 10
    width: 100
    height: 30
  corruptionReport: 
  note: 
--- !u!114 &114217329192567514
MonoBehaviour:
  m_ObjectHideFlags: 0
  m_CorrespondingSourceObject: {fileID: 0}
  m_PrefabInstance: {fileID: 0}
  m_PrefabAsset: {fileID: 0}
  m_GameObject: {fileID: 0}
  m_Enabled: 1
  m_EditorHideFlags: 0
  m_Script: {fileID: 11500000, guid: 92897b83d3ac44d4fb3722cc5d2189d2, type: 3}
  m_Name: fds-R-95-inPort
  m_EditorClassIdentifier: 
  Direction: 0
  attachedToNode: {fileID: 114499005446604820}
  centerInAbsolute: {x: 0, y: 0}
  connections:
  - {fileID: 114900662041312196}
  - {fileID: 114645176360247678}
  - {fileID: 114294642433492184}
  buttonRectInRelative:
    serializedVersion: 2
    x: 0
    y: 25
    width: 12
    height: 12
--- !u!114 &114284053621719332
MonoBehaviour:
  m_ObjectHideFlags: 0
  m_CorrespondingSourceObject: {fileID: 0}
  m_PrefabInstance: {fileID: 0}
  m_PrefabAsset: {fileID: 0}
  m_GameObject: {fileID: 0}
  m_Enabled: 1
  m_EditorHideFlags: 0
  m_Script: {fileID: 11500000, guid: a369827a53a8b544fac030b468de9f7b, type: 3}
  m_Name: fds-R-94
  m_EditorClassIdentifier: 
  uniqueId: fds-R-94
  nameWithinDialog: R-94
  parentGraph: {fileID: 11400000}
  inPort: {fileID: 114592811338681338}
  outPorts:
  - {fileID: 114423719087895816}
  pointsTo: []
  position: {x: 0, y: 0}
  rect:
    serializedVersion: 2
    x: 700
    y: 900
    width: 250
    height: 150
  isDragged: 0
  isSelected: 0
  nodeNameRect:
    serializedVersion: 2
    x: 15
    y: 10
    width: 146
    height: 30
  corruptionReport: 
  speaker: {fileID: 11400000, guid: 6183dd3231ec5fc45a2de2ea9bc061ae, type: 2}
  replicAudio: {fileID: 0}
  scroll: {x: 0, y: 0}
  currentLang: 0
  translation:
    cs: vsechno dokaze delat jen blazen
    en: 
--- !u!114 &114294642433492184
MonoBehaviour:
  m_ObjectHideFlags: 0
  m_CorrespondingSourceObject: {fileID: 0}
  m_PrefabInstance: {fileID: 0}
  m_PrefabAsset: {fileID: 0}
  m_GameObject: {fileID: 0}
  m_Enabled: 1
  m_EditorHideFlags: 0
  m_Script: {fileID: 11500000, guid: c83906d02ff79e44a87686bb3e9d622c, type: 3}
  m_Name: fds-R-94 -- fds-R-95
  m_EditorClassIdentifier: 
  inPort: {fileID: 114423719087895816}
  outPort: {fileID: 114217329192567514}
--- !u!114 &114371278766654292
MonoBehaviour:
  m_ObjectHideFlags: 0
  m_CorrespondingSourceObject: {fileID: 0}
  m_PrefabInstance: {fileID: 0}
  m_PrefabAsset: {fileID: 0}
  m_GameObject: {fileID: 0}
  m_Enabled: 1
  m_EditorHideFlags: 0
  m_Script: {fileID: 11500000, guid: 92897b83d3ac44d4fb3722cc5d2189d2, type: 3}
  m_Name: fds-R-93-inPort
  m_EditorClassIdentifier: 
  Direction: 0
  attachedToNode: {fileID: 114565619744325654}
  centerInAbsolute: {x: 0, y: 0}
  connections:
  - {fileID: 114695351424019530}
  buttonRectInRelative:
    serializedVersion: 2
    x: 0
    y: 25
    width: 12
    height: 12
--- !u!114 &114374071100201262
MonoBehaviour:
  m_ObjectHideFlags: 0
  m_CorrespondingSourceObject: {fileID: 0}
  m_PrefabInstance: {fileID: 0}
  m_PrefabAsset: {fileID: 0}
  m_GameObject: {fileID: 0}
  m_Enabled: 1
  m_EditorHideFlags: 0
  m_Script: {fileID: 11500000, guid: 92897b83d3ac44d4fb3722cc5d2189d2, type: 3}
  m_Name: fds-R-93-outPort
  m_EditorClassIdentifier: 
  Direction: 1
  attachedToNode: {fileID: 114565619744325654}
  centerInAbsolute: {x: 0, y: 0}
  connections:
  - {fileID: 114645176360247678}
  buttonRectInRelative:
    serializedVersion: 2
    x: 238
    y: 25
    width: 12
    height: 12
--- !u!114 &114374815841487158
MonoBehaviour:
  m_ObjectHideFlags: 0
  m_CorrespondingSourceObject: {fileID: 0}
  m_PrefabInstance: {fileID: 0}
  m_PrefabAsset: {fileID: 0}
  m_GameObject: {fileID: 0}
  m_Enabled: 1
  m_EditorHideFlags: 0
  m_Script: {fileID: 11500000, guid: c83906d02ff79e44a87686bb3e9d622c, type: 3}
  m_Name: fds-EP-90 -- fds-MO-91
  m_EditorClassIdentifier: 
  inPort: {fileID: 114423847255688028}
  outPort: {fileID: 114434810782028840}
--- !u!114 &114376614917323340
MonoBehaviour:
  m_ObjectHideFlags: 0
  m_CorrespondingSourceObject: {fileID: 0}
  m_PrefabInstance: {fileID: 0}
  m_PrefabAsset: {fileID: 0}
  m_GameObject: {fileID: 0}
  m_Enabled: 1
  m_EditorHideFlags: 0
  m_Script: {fileID: 11500000, guid: c83906d02ff79e44a87686bb3e9d622c, type: 3}
  m_Name: fds-MO-91 -- fds-R-92
  m_EditorClassIdentifier: 
  inPort: {fileID: 114392137392497586}
  outPort: {fileID: 114680612178030348}
--- !u!114 &114392137392497586
MonoBehaviour:
  m_ObjectHideFlags: 0
  m_CorrespondingSourceObject: {fileID: 0}
  m_PrefabInstance: {fileID: 0}
  m_PrefabAsset: {fileID: 0}
  m_GameObject: {fileID: 0}
  m_Enabled: 1
  m_EditorHideFlags: 0
  m_Script: {fileID: 11500000, guid: 92897b83d3ac44d4fb3722cc5d2189d2, type: 3}
  m_Name: fds-MO-91-outPort0
  m_EditorClassIdentifier: 
  Direction: 1
  attachedToNode: {fileID: 114949465469441216}
  centerInAbsolute: {x: 0, y: 0}
  connections:
  - {fileID: 114376614917323340}
  buttonRectInRelative:
    serializedVersion: 2
    x: 288
    y: 25
    width: 12
    height: 12
--- !u!114 &114398689192716530
MonoBehaviour:
  m_ObjectHideFlags: 0
  m_CorrespondingSourceObject: {fileID: 0}
  m_PrefabInstance: {fileID: 0}
  m_PrefabAsset: {fileID: 0}
  m_GameObject: {fileID: 0}
  m_Enabled: 1
  m_EditorHideFlags: 0
  m_Script: {fileID: 11500000, guid: 92897b83d3ac44d4fb3722cc5d2189d2, type: 3}
  m_Name: fds-MO-91-outPort4
  m_EditorClassIdentifier: 
  Direction: 1
  attachedToNode: {fileID: 114949465469441216}
  centerInAbsolute: {x: 0, y: 0}
  connections: []
  buttonRectInRelative:
    serializedVersion: 2
    x: 288
    y: 25
    width: 12
    height: 12
--- !u!114 &114423719087895816
MonoBehaviour:
  m_ObjectHideFlags: 0
  m_CorrespondingSourceObject: {fileID: 0}
  m_PrefabInstance: {fileID: 0}
  m_PrefabAsset: {fileID: 0}
  m_GameObject: {fileID: 0}
  m_Enabled: 1
  m_EditorHideFlags: 0
  m_Script: {fileID: 11500000, guid: 92897b83d3ac44d4fb3722cc5d2189d2, type: 3}
  m_Name: fds-R-94-outPort
  m_EditorClassIdentifier: 
  Direction: 1
  attachedToNode: {fileID: 114284053621719332}
  centerInAbsolute: {x: 0, y: 0}
  connections:
  - {fileID: 114294642433492184}
  buttonRectInRelative:
    serializedVersion: 2
    x: 238
    y: 25
    width: 12
    height: 12
--- !u!114 &114423847255688028
MonoBehaviour:
  m_ObjectHideFlags: 0
  m_CorrespondingSourceObject: {fileID: 0}
  m_PrefabInstance: {fileID: 0}
  m_PrefabAsset: {fileID: 0}
  m_GameObject: {fileID: 0}
  m_Enabled: 1
  m_EditorHideFlags: 0
  m_Script: {fileID: 11500000, guid: 92897b83d3ac44d4fb3722cc5d2189d2, type: 3}
  m_Name: fds-EP-90-outPort
  m_EditorClassIdentifier: 
  Direction: 1
  attachedToNode: {fileID: 114062733939164384}
  centerInAbsolute: {x: 0, y: 0}
  connections:
  - {fileID: 114374815841487158}
  buttonRectInRelative:
    serializedVersion: 2
    x: 168
    y: 25
    width: 12
    height: 12
--- !u!114 &114425230787966070
MonoBehaviour:
  m_ObjectHideFlags: 0
  m_CorrespondingSourceObject: {fileID: 0}
  m_PrefabInstance: {fileID: 0}
  m_PrefabAsset: {fileID: 0}
  m_GameObject: {fileID: 0}
  m_Enabled: 1
  m_EditorHideFlags: 0
  m_Script: {fileID: 11500000, guid: 92897b83d3ac44d4fb3722cc5d2189d2, type: 3}
  m_Name: fds-MO-91-outPort1
  m_EditorClassIdentifier: 
  Direction: 1
  attachedToNode: {fileID: 114949465469441216}
  centerInAbsolute: {x: 0, y: 0}
  connections:
  - {fileID: 114695351424019530}
  buttonRectInRelative:
    serializedVersion: 2
    x: 288
    y: 25
    width: 12
    height: 12
--- !u!114 &114434810782028840
MonoBehaviour:
  m_ObjectHideFlags: 0
  m_CorrespondingSourceObject: {fileID: 0}
  m_PrefabInstance: {fileID: 0}
  m_PrefabAsset: {fileID: 0}
  m_GameObject: {fileID: 0}
  m_Enabled: 1
  m_EditorHideFlags: 0
  m_Script: {fileID: 11500000, guid: 92897b83d3ac44d4fb3722cc5d2189d2, type: 3}
  m_Name: fds-MO-91-inPort
  m_EditorClassIdentifier: 
  Direction: 0
  attachedToNode: {fileID: 114949465469441216}
  centerInAbsolute: {x: 0, y: 0}
  connections:
  - {fileID: 114374815841487158}
  buttonRectInRelative:
    serializedVersion: 2
    x: 0
    y: 25
    width: 12
    height: 12
--- !u!114 &114477109919280756
MonoBehaviour:
  m_ObjectHideFlags: 0
  m_CorrespondingSourceObject: {fileID: 0}
  m_PrefabInstance: {fileID: 0}
  m_PrefabAsset: {fileID: 0}
  m_GameObject: {fileID: 0}
  m_Enabled: 1
  m_EditorHideFlags: 0
  m_Script: {fileID: 11500000, guid: 389080019c8a889408955a7fcb20050c, type: 3}
  m_Name: fds-MO-91-DO2
  m_EditorClassIdentifier: 
  indexWithinMultiOption: 0
  translation:
    cs: nedelat nic
    en: 
  currentLang: 0
  isOriginalyActive: 1
  isCurrentlyActive: 1
  isVisited: 0
--- !u!114 &114499005446604820
MonoBehaviour:
  m_ObjectHideFlags: 0
  m_CorrespondingSourceObject: {fileID: 0}
  m_PrefabInstance: {fileID: 0}
  m_PrefabAsset: {fileID: 0}
  m_GameObject: {fileID: 0}
  m_Enabled: 1
  m_EditorHideFlags: 0
  m_Script: {fileID: 11500000, guid: a369827a53a8b544fac030b468de9f7b, type: 3}
  m_Name: fds-R-95
  m_EditorClassIdentifier: 
  uniqueId: fds-R-95
  nameWithinDialog: R-95
  parentGraph: {fileID: 11400000}
  inPort: {fileID: 114217329192567514}
  outPorts:
  - {fileID: 114962502439809128}
  pointsTo: []
  position: {x: 0, y: 0}
  rect:
    serializedVersion: 2
    x: 1000
    y: 900
    width: 250
    height: 150
  isDragged: 0
  isSelected: 0
  nodeNameRect:
    serializedVersion: 2
    x: 15
    y: 10
    width: 146
    height: 30
  corruptionReport: 
  speaker: {fileID: 11400000, guid: 6183dd3231ec5fc45a2de2ea9bc061ae, type: 2}
  replicAudio: {fileID: 0}
  scroll: {x: 0, y: 0}
  currentLang: 0
  translation:
    cs: delam hehe
    en: 
--- !u!114 &114519995822825114
MonoBehaviour:
  m_ObjectHideFlags: 0
  m_CorrespondingSourceObject: {fileID: 0}
  m_PrefabInstance: {fileID: 0}
  m_PrefabAsset: {fileID: 0}
  m_GameObject: {fileID: 0}
  m_Enabled: 1
  m_EditorHideFlags: 0
  m_Script: {fileID: 11500000, guid: c83906d02ff79e44a87686bb3e9d622c, type: 3}
  m_Name: fds-MO-91 -- fds-R-94
  m_EditorClassIdentifier: 
  inPort: {fileID: 114057771029855310}
  outPort: {fileID: 114592811338681338}
--- !u!114 &114548854118487260
MonoBehaviour:
  m_ObjectHideFlags: 0
  m_CorrespondingSourceObject: {fileID: 0}
  m_PrefabInstance: {fileID: 0}
  m_PrefabAsset: {fileID: 0}
  m_GameObject: {fileID: 0}
  m_Enabled: 1
  m_EditorHideFlags: 0
  m_Script: {fileID: 11500000, guid: 389080019c8a889408955a7fcb20050c, type: 3}
  m_Name: fds-MO-91-DO0
  m_EditorClassIdentifier: 
  indexWithinMultiOption: 0
  translation:
    cs: 
    en: 
  currentLang: 0
  isOriginalyActive: 1
  isCurrentlyActive: 1
  isVisited: 0
--- !u!114 &114565619744325654
MonoBehaviour:
  m_ObjectHideFlags: 0
  m_CorrespondingSourceObject: {fileID: 0}
  m_PrefabInstance: {fileID: 0}
  m_PrefabAsset: {fileID: 0}
  m_GameObject: {fileID: 0}
  m_Enabled: 1
  m_EditorHideFlags: 0
  m_Script: {fileID: 11500000, guid: a369827a53a8b544fac030b468de9f7b, type: 3}
  m_Name: fds-R-93
  m_EditorClassIdentifier: 
  uniqueId: fds-R-93
  nameWithinDialog: R-93
  parentGraph: {fileID: 11400000}
  inPort: {fileID: 114371278766654292}
  outPorts:
  - {fileID: 114374071100201262}
  pointsTo: []
  position: {x: 0, y: 0}
  rect:
    serializedVersion: 2
    x: 700
    y: 700
    width: 250
    height: 150
  isDragged: 0
  isSelected: 0
  nodeNameRect:
    serializedVersion: 2
    x: 15
    y: 10
    width: 146
    height: 30
  corruptionReport: 
  speaker: {fileID: 11400000, guid: 6183dd3231ec5fc45a2de2ea9bc061ae, type: 2}
  replicAudio: {fileID: 0}
  scroll: {x: 0, y: 0}
  currentLang: 0
  translation:
    cs: delam neco, al smeju se
    en: 
--- !u!114 &114585380018059314
MonoBehaviour:
  m_ObjectHideFlags: 0
  m_CorrespondingSourceObject: {fileID: 0}
  m_PrefabInstance: {fileID: 0}
  m_PrefabAsset: {fileID: 0}
  m_GameObject: {fileID: 0}
  m_Enabled: 1
  m_EditorHideFlags: 0
  m_Script: {fileID: 11500000, guid: 389080019c8a889408955a7fcb20050c, type: 3}
  m_Name: fds-MO-91-DO1
  m_EditorClassIdentifier: 
  indexWithinMultiOption: 1
  translation:
    cs: 
    en: 
  currentLang: 0
  isOriginalyActive: 1
  isCurrentlyActive: 1
  isVisited: 0
--- !u!114 &114592811338681338
MonoBehaviour:
  m_ObjectHideFlags: 0
  m_CorrespondingSourceObject: {fileID: 0}
  m_PrefabInstance: {fileID: 0}
  m_PrefabAsset: {fileID: 0}
  m_GameObject: {fileID: 0}
  m_Enabled: 1
  m_EditorHideFlags: 0
  m_Script: {fileID: 11500000, guid: 92897b83d3ac44d4fb3722cc5d2189d2, type: 3}
  m_Name: fds-R-94-inPort
  m_EditorClassIdentifier: 
  Direction: 0
  attachedToNode: {fileID: 114284053621719332}
  centerInAbsolute: {x: 0, y: 0}
  connections:
  - {fileID: 114519995822825114}
  buttonRectInRelative:
    serializedVersion: 2
    x: 0
    y: 25
    width: 12
    height: 12
--- !u!114 &114603814398860008
MonoBehaviour:
  m_ObjectHideFlags: 0
  m_CorrespondingSourceObject: {fileID: 0}
  m_PrefabInstance: {fileID: 0}
  m_PrefabAsset: {fileID: 0}
  m_GameObject: {fileID: 0}
  m_Enabled: 1
  m_EditorHideFlags: 0
  m_Script: {fileID: 11500000, guid: a369827a53a8b544fac030b468de9f7b, type: 3}
  m_Name: fds-R-92
  m_EditorClassIdentifier: 
  uniqueId: fds-R-92
  nameWithinDialog: R-92
  parentGraph: {fileID: 11400000}
  inPort: {fileID: 114680612178030348}
  outPorts:
  - {fileID: 114679995061547998}
  pointsTo: []
  position: {x: 0, y: 0}
  rect:
    serializedVersion: 2
    x: 700
    y: 500
    width: 250
    height: 150
  isDragged: 0
  isSelected: 0
  nodeNameRect:
    serializedVersion: 2
    x: 15
    y: 10
    width: 146
    height: 30
  corruptionReport: 
  speaker: {fileID: 11400000, guid: a1fa339fcc8f2264aaf39a30b3393766, type: 2}
  replicAudio: {fileID: 0}
  scroll: {x: 0, y: 0}
  currentLang: 0
  translation:
    cs: nedelam nic, ty hade
    en: 
--- !u!114 &114645176360247678
MonoBehaviour:
  m_ObjectHideFlags: 0
  m_CorrespondingSourceObject: {fileID: 0}
  m_PrefabInstance: {fileID: 0}
  m_PrefabAsset: {fileID: 0}
  m_GameObject: {fileID: 0}
  m_Enabled: 1
  m_EditorHideFlags: 0
  m_Script: {fileID: 11500000, guid: c83906d02ff79e44a87686bb3e9d622c, type: 3}
  m_Name: fds-R-93 -- fds-R-95
  m_EditorClassIdentifier: 
  inPort: {fileID: 114374071100201262}
  outPort: {fileID: 114217329192567514}
--- !u!114 &114679995061547998
MonoBehaviour:
  m_ObjectHideFlags: 0
  m_CorrespondingSourceObject: {fileID: 0}
  m_PrefabInstance: {fileID: 0}
  m_PrefabAsset: {fileID: 0}
  m_GameObject: {fileID: 0}
  m_Enabled: 1
  m_EditorHideFlags: 0
  m_Script: {fileID: 11500000, guid: 92897b83d3ac44d4fb3722cc5d2189d2, type: 3}
  m_Name: fds-R-92-outPort
  m_EditorClassIdentifier: 
  Direction: 1
  attachedToNode: {fileID: 114603814398860008}
  centerInAbsolute: {x: 0, y: 0}
  connections:
  - {fileID: 114900662041312196}
  buttonRectInRelative:
    serializedVersion: 2
    x: 238
    y: 25
    width: 12
    height: 12
--- !u!114 &114680612178030348
MonoBehaviour:
  m_ObjectHideFlags: 0
  m_CorrespondingSourceObject: {fileID: 0}
  m_PrefabInstance: {fileID: 0}
  m_PrefabAsset: {fileID: 0}
  m_GameObject: {fileID: 0}
  m_Enabled: 1
  m_EditorHideFlags: 0
  m_Script: {fileID: 11500000, guid: 92897b83d3ac44d4fb3722cc5d2189d2, type: 3}
  m_Name: fds-R-92-inPort
  m_EditorClassIdentifier: 
  Direction: 0
  attachedToNode: {fileID: 114603814398860008}
  centerInAbsolute: {x: 0, y: 0}
  connections:
  - {fileID: 114376614917323340}
  buttonRectInRelative:
    serializedVersion: 2
    x: 0
    y: 25
    width: 12
    height: 12
--- !u!114 &114684361660866512
MonoBehaviour:
  m_ObjectHideFlags: 0
  m_CorrespondingSourceObject: {fileID: 0}
  m_PrefabInstance: {fileID: 0}
  m_PrefabAsset: {fileID: 0}
  m_GameObject: {fileID: 0}
  m_Enabled: 1
  m_EditorHideFlags: 0
  m_Script: {fileID: 11500000, guid: 389080019c8a889408955a7fcb20050c, type: 3}
  m_Name: fds-MO-91-DO3
  m_EditorClassIdentifier: 
  indexWithinMultiOption: 1
  translation:
    cs: udelat neco
    en: 
  currentLang: 0
  isOriginalyActive: 1
  isCurrentlyActive: 1
  isVisited: 0
--- !u!114 &114695351424019530
MonoBehaviour:
  m_ObjectHideFlags: 0
  m_CorrespondingSourceObject: {fileID: 0}
  m_PrefabInstance: {fileID: 0}
  m_PrefabAsset: {fileID: 0}
  m_GameObject: {fileID: 0}
  m_Enabled: 1
  m_EditorHideFlags: 0
  m_Script: {fileID: 11500000, guid: c83906d02ff79e44a87686bb3e9d622c, type: 3}
  m_Name: fds-MO-91 -- fds-R-93
  m_EditorClassIdentifier: 
  inPort: {fileID: 114425230787966070}
  outPort: {fileID: 114371278766654292}
--- !u!114 &114781496991404012
MonoBehaviour:
  m_ObjectHideFlags: 0
  m_CorrespondingSourceObject: {fileID: 0}
  m_PrefabInstance: {fileID: 0}
  m_PrefabAsset: {fileID: 0}
  m_GameObject: {fileID: 0}
  m_Enabled: 1
  m_EditorHideFlags: 0
  m_Script: {fileID: 11500000, guid: 92897b83d3ac44d4fb3722cc5d2189d2, type: 3}
  m_Name: fds-MO-91-outPort3
  m_EditorClassIdentifier: 
  Direction: 1
  attachedToNode: {fileID: 114949465469441216}
  centerInAbsolute: {x: 0, y: 0}
  connections: []
  buttonRectInRelative:
    serializedVersion: 2
    x: 288
    y: 25
    width: 12
    height: 12
--- !u!114 &114814871800755778
MonoBehaviour:
  m_ObjectHideFlags: 0
  m_CorrespondingSourceObject: {fileID: 0}
  m_PrefabInstance: {fileID: 0}
  m_PrefabAsset: {fileID: 0}
  m_GameObject: {fileID: 0}
  m_Enabled: 1
  m_EditorHideFlags: 0
  m_Script: {fileID: 11500000, guid: 389080019c8a889408955a7fcb20050c, type: 3}
  m_Name: fds-MO-91-DO4
  m_EditorClassIdentifier: 
  indexWithinMultiOption: 2
  translation:
    cs: udelat vsechno
    en: 
  currentLang: 0
  isOriginalyActive: 1
  isCurrentlyActive: 1
  isVisited: 0
--- !u!114 &114900662041312196
MonoBehaviour:
  m_ObjectHideFlags: 0
  m_CorrespondingSourceObject: {fileID: 0}
  m_PrefabInstance: {fileID: 0}
  m_PrefabAsset: {fileID: 0}
  m_GameObject: {fileID: 0}
  m_Enabled: 1
  m_EditorHideFlags: 0
  m_Script: {fileID: 11500000, guid: c83906d02ff79e44a87686bb3e9d622c, type: 3}
  m_Name: fds-R-92 -- fds-R-95
  m_EditorClassIdentifier: 
  inPort: {fileID: 114679995061547998}
  outPort: {fileID: 114217329192567514}
--- !u!114 &114949465469441216
MonoBehaviour:
  m_ObjectHideFlags: 0
  m_CorrespondingSourceObject: {fileID: 0}
  m_PrefabInstance: {fileID: 0}
  m_PrefabAsset: {fileID: 0}
  m_GameObject: {fileID: 0}
  m_Enabled: 1
  m_EditorHideFlags: 0
  m_Script: {fileID: 11500000, guid: 9490505d895f3184498c051116fabc63, type: 3}
  m_Name: fds-MO-91
  m_EditorClassIdentifier: 
  uniqueId: fds-MO-91
  nameWithinDialog: MO-91
  parentGraph: {fileID: 11400000}
  inPort: {fileID: 114434810782028840}
  outPorts:
  - {fileID: 114392137392497586}
  - {fileID: 114425230787966070}
  - {fileID: 114057771029855310}
  - {fileID: 114781496991404012}
  - {fileID: 114398689192716530}
  pointsTo: []
  position: {x: 0, y: 0}
  rect:
    serializedVersion: 2
    x: 400
    y: 500
    width: 300
    height: 325
  isDragged: 0
  isSelected: 0
  nodeNameRect:
    serializedVersion: 2
    x: 15
    y: 10
    width: 180
    height: 30
  corruptionReport: 
  speaker: {fileID: 11400000, guid: e79ef91be955e9144ada87e966ed9b4e, type: 2}
  replicAudio: {fileID: 0}
  scroll: {x: 0, y: 0}
  currentLang: 0
  translation:
    cs: Co se bude dit?
    en: 
  dialogOptions:
  - {fileID: 114477109919280756}
  - {fileID: 114684361660866512}
  - {fileID: 114814871800755778}
  originalStateHash: 0
  i: 5
--- !u!114 &114962502439809128
MonoBehaviour:
  m_ObjectHideFlags: 0
  m_CorrespondingSourceObject: {fileID: 0}
  m_PrefabInstance: {fileID: 0}
  m_PrefabAsset: {fileID: 0}
  m_GameObject: {fileID: 0}
  m_Enabled: 1
  m_EditorHideFlags: 0
  m_Script: {fileID: 11500000, guid: 92897b83d3ac44d4fb3722cc5d2189d2, type: 3}
  m_Name: fds-R-95-outPort
  m_EditorClassIdentifier: 
  Direction: 1
  attachedToNode: {fileID: 114499005446604820}
  centerInAbsolute: {x: 0, y: 0}
  connections: []
  buttonRectInRelative:
    serializedVersion: 2
    x: 238
    y: 25
    width: 12
    height: 12
